 Dungeon Crawl Stone Soup version 0.24-a0-493-g7e4ddcd485 (webtiles) character file.

Game seed: 1006566635028156798

30100 KapersCrawl the Slicer (level 13, 0/82 HPs)
             Began as a Vampire Enchanter on July 11, 2019.
             Was a High Priest of Ashenzari.
             Slain by a seven-headed hydra (2 damage)
             ... on level 2 of the Lair of Beasts on July 12, 2019.
             The game lasted 01:44:54 (22051 turns).

KapersCrawl the Slicer (Vampire Enchanter)         Turns: 22051, Time: 01:44:54

Health: 0/82       AC:  0    Str:  1 (10) XL:     13   Next: 18%
Magic:  17/20      EV: 25    Int: 13 (22) God:    Ashenzari [*****.]
Gold:   1302       SH:  0    Dex:  7 (18) Spells: 8/21 levels left

rFire    . . .     SeeInvis +   (weapon currently unavailable)
rCold    + + .     Gourm    .   (shield currently unavailable)
rNeg     + + +     Faith    +   (armour currently unavailable)
rPois    ∞         Spirit   .   (helmet currently unavailable)
rElec    .         Reflect  .   (cloak currently unavailable)
rCorr    .         Harm     .   (gloves currently unavailable)
MR       +....     Clarity  +   (boots currently unavailable)
Stlth    ++++++++..             M - amulet of Udwacixi {Faith Str+3 Dex-2 Stlth+} (curse)
HPRegen  0.00/turn              (ring currently unavailable)
MPRegen  0.17/turn              (ring currently unavailable)

@: bat-form, flying, bloodless, regenerating quickly, very quick
A: tiny, no food, fangs 3, see invisible
a: Revivify, End Transformation, Curse Item, Scrying, Transfer Knowledge,
Renounce Religion


You were on level 2 of the Lair of Beasts.
You worshipped Ashenzari.
Ashenzari was extremely pleased with you.
You were bloodless.
You were in vampire-bat-form.
You visited 3 branches of the dungeon, and saw 16 of its levels.
You also visited: Sewer and Ice Cave.

You collected 1443 gold pieces.
You spent 141 gold pieces at shops.

Inventory:

Hand Weapons
 q - a cursed +3 vampiric short sword (melded)
Missiles
 a - 18 boomerangs (quivered)
 r - 28 atropa-tipped darts
 x - 72 poisoned darts
 D - 3 throwing nets
 S - 5 javelins
Armour
 f - a +0 cloak (melded)
 h - a cursed +2 pair of gloves (melded)
 j - a cursed +2 helmet (melded)
 K - a cursed +0 buckler of positive energy (melded)
 Y - a cursed +1 robe of positive energy (melded)
Jewellery
 i - an uncursed ring of fire
 w - a cursed +4 ring of protection (melded)
 C - the cursed ring "Taoh Cew" (melded) {rPois rN+ MR+ Int+4}
   (You acquired it on level 1 of the Lair of Beasts)

   [ring of protection from magic]

   It affects your intelligence (+4).
   It protects you from poison.
   It protects you from negative energy.
   It affects your resistance to hostile enchantments.
   It has a curse placed upon it.
 F - an uncursed amulet of the acrobat
 H - an uncursed ring of magical power
 M - the cursed amulet of Udwacixi (around neck) {Faith Str+3 Dex-2 Stlth+}
   (You found it in an ice cave)

   [amulet of faith]

   It allows you to gain divine favour quickly.
   It affects your strength (+3).
   It affects your dexterity (-2).
   It makes you more stealthy.
   It has a curse placed upon it.
 N - an uncursed ring of wizardry
Wands
 c - a wand of iceblast (5)
 g - a wand of polymorph (11)
 p - a wand of random effects (51)
 E - a wand of flame (7)
 I - a wand of clouds (2)
 R - a wand of scattershot (15)
 U - a wand of acid (8)
 V - a wand of paralysis (11)
Scrolls
 b - 3 scrolls of identify
 l - 4 scrolls of amnesia
 n - a scroll of blinking
 o - 3 scrolls of teleportation
 s - 2 scrolls of magic mapping
 t - a scroll of fog
 u - 3 scrolls of fear
 y - a scroll of immolation
 G - a scroll of remove curse
 J - a scroll of enchant armour
 Z - 2 scrolls of enchant weapon
Potions
 d - 2 potions of mutation
 e - 4 potions of brilliance
 k - a potion of heal wounds
 m - 2 potions of might
 v - 6 potions of flight
 z - a potion of ambrosia
 A - 3 potions of haste
 B - 4 potions of curing
 P - 3 potions of lignification
 Q - a potion of magic
 T - a potion of agility
 W - a potion of cancellation
Miscellaneous
 L - a lamp of fire (inert)
 O - a sack of spiders
 X - a lightning rod (1/4)


   Skills:
 - Level 10.0 Fighting
 - Level 11.7(15.4) Short Blades
 - Level 1.0 Armour
 - Level 9.4(12.0) Dodging
 - Level 10.2(12.7) Stealth
 - Level 4.0(6.4) Shields
 + Level 4.7 Spellcasting
 - Level 1.1(3.4) Conjurations
 - Level 9.1(13.0) Hexes
 - Level 6.9(11.0) Necromancy
 - Level 7.0(11.0) Evocations


You had 8 spell levels left.
You knew the following spells:

 Your Spells              Type           Power        Failure   Level  Hunger
a - Corona                Hex            #####..      1%          1    N/A
b - Animate Skeleton      Necr           N/A          1%          1    N/A
c - Tukima's Dance        Hex            #####...     1%          3    N/A
d - Ensorcelled Hibernat  Hex/Ice        ###...       1%          2    N/A
e - Dazzling Spray        Conj/Hex       ###...       1%          3    N/A
f - Vampiric Draining     Necr           ####......   1%          3    N/A

Your spell library contained the following spells:

 Spells                   Type           Power        Failure   Level  Hunger
 Pain                     Necr           ####         1%          1    N/A
 Confuse                  Hex            #####...     1%          3    N/A
 Animate Dead             Necr           N/A          1%          4    N/A
 Spectral Weapon          Hex/Chrm       ###.....     3%          3    N/A
 Regeneration             Chrm/Necr      ###.......   5%          3    N/A
 Infusion                 Chrm           #...         16%         1    N/A
 Summon Butterflies       Summ           #.......     16%         1    N/A
 Shroud of Golubria       Chrm/Tloc      #.....       22%         2    N/A
 Song of Slaying          Chrm           #.......     22%         2    N/A
 Static Discharge         Conj/Air       #.......     26%         3    N/A
 Summon Mana Viper        Hex/Summ       ###.....     32%         5    N/A
 Call Canine Familiar     Summ           #.......     41%         3    N/A
 Summon Ice Beast         Ice/Summ       #.......     83%         4    N/A
 Iskenderun's Battlesphe  Conj/Chrm      #.......     93%         5    N/A
 Lightning Bolt           Conj/Air       #.........   93%         5    N/A
 Lee's Rapid Deconstruct  Erth           #.........   99%         5    N/A
 Summon Hydra             Summ           #.........   100%        7    N/A
 Ignition                 Fire           #.........   100%        8    N/A
 Shatter                  Erth           #.........   100%        9    N/A
 Tornado                  Air            #.........   100%        9    N/A

Dungeon Overview and Level Annotations

Branches:
Dungeon (12/15)            Temple (1/1) D:4            Lair (3/6) D:8
  Swamp (0/4) Lair:3        Snake (0/4) Lair:3          Orc (0/2) D:9

Altars:
Ashenzari
Cheibriados
Dithmenos
Elyvilon
Fedhas
Gozag
Hepliaklqana
Kikubaaqudgha
Makhleb
Nemelex Xobeh
Okawaru
Qazlal
Ru
Sif Muna
Trog
Uskayaw
Vehumet
Wu Jian
Xom
Yredelemnul
Zin
The Shining One

Shops:
D:8 [[[!?

Annotations:
D:6 exclusion: slave


Innate Abilities, Weirdness & Mutations

You do not eat.
You do not regenerate when monsters are visible.
You are frail without blood (-20% HP).
You are immune to poison.
You have razor-sharp teeth.
You have supernaturally acute eyesight. (SInv)
((You can survive without breathing.))


Message History

There is a stone staircase leading down here.
You turn into a vampire bat.
Your cursed +3 vampiric short sword melds into your body.
Your +0 cloak melds into your body.
Your cursed +2 helmet melds into your body.
Your cursed +2 pair of gloves melds into your body.
Your cursed +0 buckler of positive energy melds into your body.
Your cursed +1 robe of positive energy melds into your body.
Your cursed +4 ring of protection melds into your body.
The cursed ring "Taoh Cew" {rPois rN+ MR+ Int+4} melds into your body.
You feel your glee subside.
You feel less protected from negative energy. x2
You feel weakened. x3; You feel clumsy.
You feel dopey.
The seven-headed hydra barely misses you.
The seven-headed hydra completely misses you.
The seven-headed hydra closely misses you.
The seven-headed hydra misses you.
The seven-headed hydra completely misses you.
The seven-headed hydra bites you.
You die...

#....>...........#.P.#.
#....P.P.####...#......
##....#.P.##....+......
#...##.....#...P......
#...##....##..........
#...##....#....P....{.
##...##....##.....D....
#....D#....##...P......
##....b.####...........
#.....###..#...#...##P
#.....................
#.....................
#.....................
#..............[..P##P
##..#..P.#.#......P####
#....#.#+#.............
##..#.....+.......PP...


You could see a seven-headed hydra.

Vanquished Creatures
  2 ice dragons (IceCv)
  A hydra (Lair:1)
  A centaur warrior (D:11)
  An unseen horror (D:10)
  2 ugly things
  2 cyclopes
  2 manticores (D:12)
  Psyche (D:8)
  4 black mambas
  6 spiny frogs
  3 rime drakes
  An ice devil (Lair:3)
  5 komodo dragons
  A troll (D:10)
  2 hornets (D:12)
  4 blink frogs (Lair:1)
  7 hippogriffs
  22 yaks
  A wyvern (D:11)
  A wraith (D:10)
  A basilisk (Lair:2)
  Grum (D:10)
  Menkaure (D:6)
  A naga (Lair:3)
  A swamp worm (Lair:3)
  An acid dragon (D:11)
  A water moccasin (Lair:2)
  7 orc warriors
  3 porcupines
  8 sky beasts
  15 ice beasts
  6 ogres
  3 black bears
  2 phantoms
  9 centaurs
  2 necrophages
  3 wolves (D:10)
  A big kobold (D:7)
  4 crocodiles
  Blork the orc (D:5)
  5 bullfrogs
  7 scorpions
  A wyvern skeleton (D:9)
  A wight (D:10)
  6 killer bees (D:8)
  A howler monkey (D:11)
  A quasit (D:10)
  3 bullfrog zombies
  4 crimson imps
  A jelly (D:7)
  11 orc priests
  8 hounds
  19 orc wizards
  Jessica (D:3)
  Natasha (thrice) (D:2)
  A bullfrog skeleton (D:8)
  A gnoll shaman (D:6)
  11 iguanas
  2 hell rats (Lair:2)
  11 worker ants
  A hound zombie (D:7)
  2 hound skeletons
  5 worker ant zombies
  10 gnolls
  19 adders
  8 river rats (Lair:2)
  3 shadow imps
  An ooze (D:2)
  2 adder zombies
  An adder skeleton (D:7)
  3 worms (D:2)
  A dart slug (D:1)
  11 leopard geckos
  45 orcs
  12 bats
  8 giant cockroaches
  5 goblins
  8 hobgoblins
  13 jackals
  4 quokkas
  4 ball pythons
  12 frilled lizards
  A giant cockroach zombie (D:6)
  28 kobolds
  2 quokka skeletons (D:4)
  A quokka zombie (D:9)
  6 rats
454 creatures vanquished.

Vanquished Creatures (collateral kills)
  Gastronok (D:10)
  A hydra (Lair:3)
  A gargoyle (D:12)
  An ice devil (Lair:3)
  A blink frog (Lair:1)
  A yak (Lair:1)
  A wyvern (D:9)
  A chaos spawn (D:9)
  A basilisk (Lair:2)
  A swamp worm (Lair:3)
  A black bear (D:12)
  A hornet zombie (D:11)
  An ice beast (D:7)
  5 ogres
  A phantom (D:8)
  A scorpion (D:12)
  4 wights
  An orc priest (D:12)
  3 orc wizards
  An iguana (D:7)
  2 river rats (Lair:2)
  An adder (D:9)
  A leopard gecko (D:8)
  4 orcs
  2 rats (Lair:2)
  3 plants
42 creatures vanquished.

Vanquished Creatures (others)
  A kobold (D:1)
  A fungus (Lair:1)
  A plant (D:9)
3 creatures vanquished.

Grand Total: 499 creatures vanquished

Notes
Turn   | Place    | Note
-------+----------+-------------------------------------------
     0 | D:1      | KapersCrawl the Vampire Enchanter began the quest for the
                  | Orb.
     0 | D:1      | Reached XP level 1. HP: 13/13 MP: 3/3
    89 | D:1      | Reached XP level 2. HP: 13/19 MP: 0/5
   612 | D:1      | Reached XP level 3. HP: 23/24 MP: 4/6
  1290 | D:2      | Reached skill level 5 in Stealth
  1298 | D:2      | Noticed Natasha
  1306 | D:2      | Learned a level 3 spell: Confuse
  1312 | D:2      | Killed Natasha
  1312 | D:2      | Reached skill level 2 in Short Blades
  1312 | D:2      | Reached skill level 5 in Hexes
  1312 | D:2      | Reached XP level 4. HP: 17/30 MP: 1/7
  1413 | D:2      | Found a radiant altar of Vehumet.
  1630 | D:2      | Noticed Natasha
  1640 | D:2      | Killed Natasha
  1822 | D:2      | Learned a level 3 spell: Tukima's Dance
  1960 | D:2      | Noticed Natasha
  1967 | D:2      | Killed Natasha
  1967 | D:2      | Reached XP level 5. HP: 33/35 MP: 0/9
  2421 | D:3      | Found a glowing drain.
  2431 | Sewer    | Entered a sewer
  2765 | Sewer    | Reached skill level 1 in Fighting
  2765 | Sewer    | Reached XP level 6. HP: 13/43 MP: 0/10
  2772 | Sewer    | Reached skill level 3 in Short Blades
  3441 | D:3      | Learned a level 2 spell: Ensorcelled Hibernation
  3730 | D:3      | Noticed Jessica
  4142 | D:3      | Killed Jessica
  4142 | D:3      | Reached XP level 7. HP: 50/50 MP: 7/11
  4328 | D:3      | Found a shadowy altar of Dithmenos.
  5032 | D:4      | Learned a level 3 spell: Dazzling Spray
  5146 | D:4      | Found a staircase to the Ecumenical Temple.
  5161 | Temple   | Entered the Ecumenical Temple
  5264 | Temple   | Became a worshipper of Ashenzari the Shackled
  5489 | D:4      | Reached skill level 4 in Short Blades
  5565 | D:5      | Entered Level 5 of the Dungeon
  5918 | D:5      | Noticed Blork the orc
  5940 | D:5      | Killed Blork the orc
  6074 | D:5      | Reached XP level 8. HP: 57/57 MP: 8/12
  6079 | D:5      | Reached skill level 5 in Dodging
  6544 | D:5      | Reached * piety under Ashenzari
  6886 | D:6      | Reached skill level 5 in Short Blades
  7461 | D:6      | Noticed Menkaure
  7543 | D:6      | Killed Menkaure
  7907 | D:7      | Found a deep blue altar of Sif Muna.
  7912 | D:7      | Found a deep blue altar of Sif Muna.
  7912 | D:7      | Found a blossoming altar of Fedhas.
  8010 | D:7      | Learned a level 1 spell: Animate Skeleton
  8060 | D:7      | Reached skill level 1 in Evocations
  8273 | D:7      | Reached XP level 9. HP: 65/65 MP: 13/13
  8280 | D:7      | Reached ** piety under Ashenzari
  8305 | D:7      | Found a stormy altar of Qazlal.
  8395 | D:7      | Reached skill level 1 in Armour
  8583 | D:7      | Reached skill level 10 in Stealth
  8973 | D:8      | Reached skill level 6 in Short Blades
  8977 | D:8      | Noticed Psyche
  9023 | D:8      | Found Boma's Distillery.
  9028 | D:8      | Bought a potion of haste for 140 gold pieces
  9071 | D:8      | Found a staircase to the Lair.
  9096 | D:8      | Killed Psyche
  9225 | D:8      | Found a basalt altar of Yredelemnul.
  9279 | D:8      | Found Zeuxkola's Armour Emporium.
  9299 | D:8      | Found Yfenk's Armour Shoppe.
  9378 | D:8      | Found Zolobb's Antique Armour Boutique.
  9398 | D:8      | Bought a cursed +0 robe for 1 gold piece
  9606 | D:8      | Reached skill level 7 in Short Blades
  9641 | D:8      | Noticed a two-headed ogre
  9880 | D:8      | Found Asiffisod's Magic Scroll Emporium.
  9998 | D:8      | Found a glowing silver altar of Zin.
 10096 | D:8      | Reached XP level 10. HP: 56/56 MP: 5/14
 10252 | D:9      | Reached *** piety under Ashenzari
 10468 | D:9      | Found a shimmering altar of Xom.
 10469 | D:9      | Found the +7 mace of Variability {chain chaos}
 10845 | D:9      | Reached skill level 8 in Short Blades
 10913 | D:9      | Reached skill level 5 in Evocations
 11197 | D:9      | Noticed a cyclops
 11203 | D:9      | Killed a cyclops
 11206 | D:9      | Noticed a cyan ugly thing
 11308 | D:9      | Found a staircase to the Orcish Mines.
 11362 | D:9      | Identified the +6 flail of World Downfall {flame, rN+}
 11427 | D:9      | Found a sacrificial altar of Ru.
 11433 | D:9      | Reached skill level 1 in Shields
 11452 | D:9      | Killed a cyan ugly thing
 11715 | D:9      | Reached skill level 9 in Short Blades
 12118 | D:10     | Entered Level 10 of the Dungeon
 12140 | D:10     | Noticed Grum
 12400 | D:10     | Noticed an unseen horror
 12677 | D:10     | Killed an unseen horror
 12677 | D:10     | Reached skill level 5 in Fighting
 12677 | D:10     | Reached XP level 11. HP: 63/63 MP: 10/15
 12680 | D:10     | Killed Grum
 12775 | D:10     | Noticed Gastronok
 12797 | D:10     | Killed Gastronok
 13975 | D:10     | Reached skill level 10 in Short Blades
 14436 | D:11     | Noticed a brown ugly thing
 14436 | D:11     | Noticed a red ugly thing
 14527 | D:11     | Reached **** piety under Ashenzari
 14960 | D:11     | Found a snail-covered altar of Cheibriados.
 15319 | D:11     | Identified the +12 rapier of Analysis {holy, +Inv Str+3
                  | Stlth+}
 15319 | D:11     | Noticed a centaur warrior
 15403 | D:11     | Identified the Almanac of Augmentations and Stones
 15408 | D:11     | Noticed a tengu warrior
 15438 | D:11     | Killed a centaur warrior
 15699 | D:11     | Killed a brown ugly thing
 15702 | D:11     | Reached skill level 11 in Short Blades
 15915 | D:11     | Noticed a skeletal warrior
 16464 | D:12     | Reached XP level 12. HP: 72/72 MP: 12/17
 16536 | D:12     | HP: 3/82 [barbs]
 17005 | D:12     | Learned a level 3 spell: Vampiric Draining
 17027 | D:11     | Noticed a death knight
 17385 | Lair:1   | Entered Level 1 of the Lair of Beasts
 17583 | Lair:1   | Reached skill level 1 in Necromancy
 17777 | Lair:1   | Noticed a six-headed hydra
 17783 | Lair:1   | Killed a six-headed hydra
 17783 | Lair:1   | Reached skill level 1 in Conjurations
 17844 | Lair:1   | Identified a scroll of acquirement
 17846 | Lair:1   | Identified the cursed ring "Taoh Cew" {rPois rN+ MR+ Int+4}
                  | (You acquired it on level 1 of the Lair of Beasts)
 17902 | Lair:1   | Reached ***** piety under Ashenzari
 18029 | Lair:1   | Upgraded the game from 0.24-a0-487-g57318f2ed0 to
                  | 0.24-a0-493-g7e4ddcd485
 19082 | Lair:2   | Reached skill level 5 in Necromancy
 19883 | Lair:3   | Found a frozen archway.
 19951 | IceCv    | Entered an ice cave
 20290 | IceCv    | Noticed an ice dragon
 20290 | IceCv    | Noticed an ice dragon
 20291 | IceCv    | Identified the amulet of Udwacixi {Faith Str+3 Dex-2
                  | Stlth+}
 20299 | IceCv    | Killed an ice dragon
 20317 | IceCv    | Killed an ice dragon
 20317 | IceCv    | Reached XP level 13. HP: 69/82 MP: 15/18
 20892 | Lair:3   | Found a staircase to the Snake Pit.
 20915 | Lair:3   | Reached skill level 10 in Fighting
 21423 | Lair:3   | Found a staircase to the Swamp.
 22035 | Lair:3   | HP: 1/82 [seven-headed hydra (4)]
 22051 | Lair:2   | Slain by a seven-headed hydra

Levels and vault maps discovered:
D:1:      shiori_arrival_oz, layout_basic, minivault_11
D:2:      layout_loops_corners, overflow_temple_1_default, uniq_natasha
D:3:      layout_loops_corners, lemuel_coloured_pillars_altar,
          cheibrodos_sewer_entry_drain, first_ration, uniq_jessica
D:4:      layout_basic, minmay_temple_entry_overgrown
D:5:      layout_loops_corners, roderic_batcave, chequers_serial_rivers_micro_b,
          uniq_blork_the_orc
D:6:      layout_cave_pools, hangedman_decor_growths, mrwooster_statue_mirror,
          uniq_pikel, uniq_menkaure
D:7:      kennysheep_kobold_camp, layout_rooms, lemuel_doored_altar,
          chequers_temple_overflow_statue_of_worship, basic_altar,
          grunt_ogre_cave, st_stairs_7
D:8:      layout_basic, nicolae_overflow_hidden_temple, lair_entry_dummy,
          serial_shops, shop, shop, shop, shop, shop, minmay_ruined_shrine,
          uniq_psyche
D:9:      minmay_the_grid_4x2 [minmay_the_grid_aliased_spiral,
          minmay_the_grid_box_x, minmay_the_grid_garden,
          minmay_the_grid_minigrid_large, minmay_the_grid_square_x,
          minmay_the_grid_expand, minmay_the_grid_diamond_grid,
          minmay_the_grid_prize_four_corners_diamond_b], layout_long_grid,
          old_standard_altar, orc_0_dummy, minmay_guarded_unrand_variability
D:10:     layout_basic, minmay_fractal_squares_diagonal_5, uniq_grum,
          uniq_gastronok
D:11:     layout_cave_pods, basic_altar, minmay_diamond_spiral
D:12:     layout_rooms
Temple:   regret_index_temple_waves
Lair:1:   layout_layer_cave, lemuel_fruit_fields
Lair:2:   layout_regular_city, kennysheep_rathole
Lair:3:   layout_long_grid, palyth_hydra_swamp_entry,
          minmay_snake_entry_guardpost_small, portal_ice_cave_demonic_guard,
          nicolae_lair_grove_arrangements, minivault_19, minmay_holes

Skill      XL: |  1  2  3  4  5  6  7  8  9 10 11 12 13 |
---------------+----------------------------------------+-----
Stealth        | 5 6 7 9 10 | 10.2
Short Blades   | 2 3 4 5 7 9 11 | 11.7
Hexes          | 5 6 7 8 9 |  9.1
Dodging        | 3 4 6 7 9 |  9.4
Fighting       | 1 2 4 5 7 9 10 | 10.0
Spellcasting   | 3 4 |  4.7
Evocations     | 1 4 6 7 |  7.0
Armour         | 1 |  1.0
Shields        | 2 4 |  4.0
Necromancy     | 6 |  6.9
Conjurations   | 1 |  1.1

Action                   |  1- 3 |  4- 6 |  7- 9 | 10-12 | 13-15 || total
-------------------------+-------+-------+-------+-------+-------++-------
Melee: Dagger            |    75 |    22 |    15 |       |       ||   112
       Bite              |     8 |    10 |    50 |    45 |     1 ||   114
       Short sword       |    21 |       |   546 |   617 |    42 ||  1226
       Whip              |     8 |   137 |       |       |       ||   145
       Unarmed           |       |       |       |       |     1 ||     1
Throw: Stone             |       |    23 |       |       |       ||    23
       Boomerang         |       |       |    15 |       |       ||    15
 Cast: Corona            |    23 |    15 |    47 |    25 |     5 ||   115
       Confuse           |     1 |    20 |    21 |       |       ||    42
       Ensorcelled Hiber |       |       |    42 |   211 |    20 ||   273
       Animate Skeleton  |       |       |    19 |    77 |     6 ||   102
       Tukima's Dance    |       |       |     4 |    10 |       ||    14
       Dazzling Spray    |       |       |       |    10 |       ||    10
       Vampiric Draining |       |       |       |     2 |       ||     2
Invok: Curse Item        |       |       |     4 |     4 |     1 ||     9
       Scrying           |       |       |       |     1 |     1 ||     2
 Abil: Exsanguinate      |       |       |     2 |     2 |       ||     4
       Bat Form          |       |       |     1 |     4 |     6 ||    11
       End Transformatio |       |       |     1 |     4 |     5 ||    10
       Revivify          |       |       |       |     2 |       ||     2
Evoke: Wand              |       |       |       |    16 |     3 ||    19
       Sack of spiders   |       |       |       |     4 |     1 ||     5
       Lamp of fire      |       |       |       |     3 |       ||     3
       Lightning rod     |       |       |       |     4 |       ||     4
  Use: Scroll            |       |     3 |    15 |    13 |     3 ||    34
       Potion            |       |     1 |     2 |     1 |       ||     4
 Stab: Sleeping          |     4 |     7 |    47 |   151 |    13 ||   222
       Confused          |       |    12 |    13 |       |       ||    25
       Distracted        |       |       |     1 |     6 |       ||     7
       Invisible         |       |       |       |     3 |       ||     3
       Paralysed         |       |       |       |     1 |       ||     1
Armor: Robe              |     9 |    22 |   101 |   100 |    22 ||   254
       Skin              |       |    11 |    28 |       |       ||    39
Dodge: Dodged            |    75 |   105 |   321 |   369 |    54 ||   924
Block: Shield            |       |     9 |       |       |       ||     9
       Buckler           |       |       |       |   101 |    13 ||   114

Table legend:
 A = Non-vault XP
 B = Vault XP
 C = Vault XP percentage of total XP
 D = Non-vault monster count
 E = Vault monster count
 F = Vault count percentage of total count
                 A         B        C        D         E       F
            +---------+---------+-------+---------+---------+-------
      Total |   29238 |   13763 |  32.0 |     354 |     139 |  28.2
            +---------+---------+-------+---------+---------+-------
        D:1 |      44 |       2 |   4.3 |      24 |       1 |   4.0
        D:2 |     125 |      42 |  25.1 |      12 |       2 |  14.3
        D:3 |     267 |      41 |  13.3 |      27 |       4 |  12.9
        D:4 |     283 |       0 |   0.0 |      21 |       0 |   0.0
        D:5 |     652 |     110 |  14.4 |      20 |      10 |  33.3
        D:6 |     512 |     165 |  24.4 |      20 |       1 |   4.8
        D:7 |     594 |     202 |  25.4 |      17 |      22 |  56.4
        D:8 |    1825 |     954 |  34.3 |      33 |       6 |  15.4
        D:9 |    2137 |    2368 |  52.6 |      29 |      27 |  48.2
       D:10 |    3352 |    2568 |  43.4 |      36 |       8 |  18.2
       D:11 |    2320 |    1573 |  40.4 |      32 |       3 |   8.6
       D:12 |    2776 |       0 |   0.0 |      31 |       0 |   0.0
     Lair:1 |    7213 |       0 |   0.0 |      29 |       0 |   0.0
     Lair:2 |    3795 |     172 |   4.3 |      13 |      14 |  51.9
     Lair:3 |    3343 |     919 |  21.6 |      10 |       5 |  33.3
      Sewer |       0 |     263 | 100.0 |       0 |      18 | 100.0
      IceCv |       0 |    4384 | 100.0 |       0 |      18 | 100.0
            +---------+---------+-------+---------+---------+-------
